 Dungeon Crawl Stone Soup version 0.20.0-15-g7f486f2 (webtiles) character file.

819 dricus the Cleaver (level 7, -3/66 HPs)
             Began as a Hill Orc Fighter on June 12, 2017.
             Slain by an ogre
             ... wielding a +0 giant club
              (19 damage)
             ... on level 5 of the Dungeon.
             The game lasted 00:06:29 (4134 turns).

dricus the Cleaver (Hill Orc Fighter)               Turns: 4134, Time: 00:06:29

Health: -3/66      AC: 13    Str: 19    XL:     7   Next: 95%
Magic:  7/7        EV:  7    Int:  8    God:
Gold:   103        SH:  0    Dex: 12    Spells: 6/6 levels left

rFire    . . .     SeeInvis .   a - +0 war axe
rCold    . . .     Gourm    .   (no shield)
rNeg     . . .     Faith    .   E - +0 chain mail
rPois    .         Spirit   .   p - +1 helmet
rElec    .         Reflect  .   d - +0 cloak
rCorr    .         Harm     .   (no gloves)
MR       .....                  j - +0 pair of boots
Stlth    ..........             c - amulet of magic regeneration
Regen    0.3/turn               t - ring of flight
MPRegen  0.2/turn               (no ring)

@: no status effects
A: no striking features
a: Evoke Flight


You were on level 5 of the Dungeon.
You were not hungry.

You visited 1 branch of the dungeon, and saw 5 of its levels.

You collected 103 gold pieces.

Inventory:

Hand Weapons
 a - a +0 war axe (weapon)
 b - a +0 hunting sling
Missiles
 i - 120 stones (quivered)
 n - 33 sling bullets
Armour
 d - a +0 cloak (worn)
 j - a +0 pair of boots (worn)
 p - a +1 helmet (worn)
 E - a +0 chain mail (worn)
Jewellery
 c - an amulet of magic regeneration (around neck)
 t - a ring of flight (left hand)
Scrolls
 l - a scroll of enchant armour {unknown}
 q - a scroll of blinking {unknown}
 w - 4 scrolls of remove curse
 y - a scroll of immolation {unknown}
 B - a scroll of noise {unknown}
Potions
 e - 2 potions of curing
 h - a potion of haste {unknown}
 k - a potion of brilliance {unknown}
 m - 2 potions of flight
 s - 3 potions of lignification
 u - a potion of invisibility {unknown}
 C - a potion of resistance
 D - a potion of mutation {unknown}
Comestibles
 f - 2 bread rations
 r - 4 royal jellies
 x - a meat ration


   Skills:
 + Level 7.1 Fighting
 * Level 9.5 Axes
 - Level 3.2 Armour
   Level 3.2 Shields


You had 6 spell levels left.
You didn't know any spells.

Dungeon Overview and Level Annotations

Branches:
Dungeon (5/15)
 Temple: D:4-7

Altars:


Message History

The ogre hits you with a giant club!
You hit the ogre but do no damage.
The ogre is moderately wounded.
The ogre hits you with a giant club.
You hit the ogre.
The ogre is moderately wounded.
You barely miss the ogre.
The ogre is moderately wounded.
The ogre hits you with a giant club!!
* * * LOW HITPOINT WARNING * * *
You barely miss the ogre.
The ogre is moderately wounded.
The ogre barely misses you.
You hit the ogre.
The ogre is moderately wounded.
The ogre barely misses you.
You hit the ogre.
The ogre is heavily wounded.
The ogre hits you with a giant club!!
You die...

#####
##...##
##..⌠..##
#.......#.#
#...$.⌠..>.
#..@O......
#.....⌠....
#.......###
##..⌠..##
##...##
#####


You could see an ogre.

Vanquished Creatures
  The ghost of ThePrince the Slasher, an amateur MiBe of Trog (D:4)
  An ogre (D:4)
  A scorpion (D:4)
  2 hounds (D:4)
  An orc priest (D:4)
  Jessica (D:2)
  Crazy Yiuf (D:2)
  An iguana (D:3)
  4 worker ants (D:4)
  4 gnolls (D:3)
  5 adders
  2 oozes
  2 worms
  5 leopard geckos
  6 orcs
  5 giant cockroaches
  9 goblins
  7 hobgoblins
  9 jackals
  5 quokkas
  8 bats
  3 frilled lizards
  9 kobolds
  A leopard gecko skeleton (D:5)
  10 rats
103 creatures vanquished.

Notes
Turn   | Place    | Note
-------+----------+-------------------------------------------
     0 | D:1      | dricus the Hill Orc Fighter began the quest for the Orb.
     0 | D:1      | Reached XP level 1. HP: 19/19 MP: 1/1
   232 | D:1      | Reached skill level 3 in Axes
   482 | D:1      | Reached XP level 2. HP: 23/27 MP: 2/2
   939 | D:1      | Reached XP level 3. HP: 29/34 MP: 3/3
  1057 | D:2      | Reached skill level 4 in Axes
  1106 | D:2      | Found a runed door.
  1468 | D:2      | Noticed Jessica
  1472 | D:2      | Killed Jessica
  1472 | D:2      | Reached XP level 4. HP: 41/41 MP: 4/4
  1619 | D:2      | Noticed Crazy Yiuf
  1625 | D:2      | Killed Crazy Yiuf
  1625 | D:2      | Reached skill level 5 in Fighting
  1625 | D:2      | Reached skill level 5 in Axes
  1712 | D:3      | Reached XP level 5. HP: 36/48 MP: 5/5
  2212 | D:3      | Found a faded altar of an unknown god.
  2235 | D:3      | Reached skill level 6 in Axes
  2512 | D:3      | Reached XP level 6. HP: 54/56 MP: 6/6
  2842 | D:4      | Noticed ThePrince's ghost (amateur MiBe)
  2878 | D:4      | Reached skill level 7 in Axes
  3312 | D:4      | Killed ThePrince's ghost
  3312 | D:4      | Reached skill level 8 in Axes
  3312 | D:4      | Reached XP level 7. HP: 41/64 MP: 7/7
  3440 | D:4      | Reached skill level 9 in Axes
  4121 | D:5      | Entered Level 5 of the Dungeon
  4134 | D:5      | Slain by an ogre

Skill      XL: |  1  2  3  4  5  6  7 |
---------------+----------------------+-----
Axes           | 3 4 5 6 8 9 |  9.5
Fighting       | 4 5 6 7 |  7.1
Armour         | |  3.2
Shields        | |  3.2

Action                   |  1- 3 |  4- 6 |  7- 9 || total
-------------------------+-------+-------+-------++-------
Melee: War axe           |   103 |   195 |    66 ||   364
  Use: Potion            |       |     1 |       ||     1
       Scroll            |       |     7 |     1 ||     8
  Eat: Chunk             |     2 |     5 |       ||     7
       Bread ration      |       |       |     1 ||     1
       Fruit             |       |       |     1 ||     1
Armor: Scale mail        |    78 |    96 |       ||   174
       Chain mail        |       |    30 |    31 ||    61
Dodge: Dodged            |    75 |    90 |    28 ||   193
